AoeStats
← 极地沙尘暴

Nomad

507301906Analyzed
4v4 RM · 14d ago on Sep 17, 2026· 29m 20s· 8 players
Game mode
Random Map
Map size
231×231
Population
200
Speed
Normal
Resources
Standard
Victory
Conquest
Starting age
Dark Age
Ending age
Imperial Age
RankedLock teamsTeams togetherTeam positionsShared explorationLock speedFull tech treeHidden civsTurbo modeCheats
Victory
Defeat
🇨🇳 Berbers · China
1411
+15
🇨🇳 Mongols · China
1407
+15
🇨🇳 Vietnamese · China
1325
+19
🇧🇷 Spanish · Brazil
1286
+21
🇨🇳 Burgundians · China
1398
-18
🇨🇳 Huns · China
1398
-18
🇨🇦 Teutons · Canada
1395
-18
🇺🇸 Vietnamese · United States
1343
-16
93老玩家回归
6:18 Loom
16:46 Feudal Age
17:16 Double-Bit Axe
17:27 Gold Mining
19:37 Fishing Lines
20:32 Fletching
20:43 Padded Archer Armor
柠檬头的喜悦
5:03 Loom
13:55 Feudal Age
17:34 Castle Age
15:31 Double-Bit Axe
17:07 Fletching
17:42 Town Watch
18:19 Bodkin Arrow
18:38 Bow Saw
19:48 Horse Collar
28:08 Wheelbarrow
27:43 Stone Mining
28:21 Husbandry
28:31 Bloodlines
29:23 Heavy Plow
29:59 Bloodlines
29:51 Padded Archer Armor
民办大A
3:35 Loom
14:27 Feudal Age
18:13 Castle Age
16:37 Fletching
19:24 Padded Archer Armor
19:19 Bodkin Arrow
Dance with Ghost
5:57 Loom
14:24 Feudal Age
18:07 Castle Age
16:00 Double-Bit Axe
16:26 Fishing Lines
18:05 Gold Mining
18:01 Horse Collar
19:25 Heavy Plow
22:08 Bow Saw
24:09 Town Watch
24:50 Bloodlines
25:07 Husbandry
26:46 Padded Archer Armor
chillysloth
4:33 Loom
15:39 Feudal Age
19:52 Castle Age
17:49 Double-Bit Axe
18:14 Fishing Lines
18:49 Stone Mining
18:52 Gold Mining
20:58 Medium Warships
26:13 Padded Archer Armor
27:07 Bow Saw
27:31 Fletching
28:30 Bodkin Arrow
CaptainQS
4:20 Loom
14:29 Feudal Age
20:02 Horse Collar
26:25 Castle Age
剃刀割猪头
7:21 Double-Bit Axe
8:57 Horse Collar
11:00 Wheelbarrow
11:33 Loom
14:16 Feudal Age
15:47 Bow Saw
16:01 Heavy Plow
18:00 Scale Barding Armor
18:37 Forging
18:58 Gold Mining
23:38 Castle Age
23:49 Light Cavalry
24:30 Husbandry
24:53 Chain Barding Armor
29:12 Fletching
28:46 Elite Skirmisher
极地沙尘暴
6:33 Loom
20:06 Feudal Age
24:21 Double-Bit Axe
28:42 Castle Age
27:33 Horse Collar
Connection lost

Rejoining the realm…

Still unreachable

The connection could not be restored.

Session expired

The server has moved on; the page needs a fresh start.